 Dungeon Crawl Stone Soup version 0.30-a0-586-g23e55c9e0a (webtiles) character file.

Game seed: 15230496021991884956

311 Iich the Chopper (level 6, -1/48 HPs)
             Began as a Demonspawn Berserker on Jan 4, 2023.
             Was a Believer of Trog.
             Slain by a gnoll sergeant
             ... wielding a +0 spear
              (10 damage)
             ... on level 4 of the Dungeon.
             The game lasted 00:06:11 (3149 turns).

Iich the Chopper (Demonspawn Berserker)             Turns: 3149, Time: 00:06:11

Health: -1/48      AC: 21    Str: 18    XL:     6   Next: 18%
Magic:  6/6        EV: 11    Int:  8    God:    Trog [**....]
Gold:   216        SH:  5    Dex: 18    Spells: 5/5 levels left

rFire   . . .      SeeInvis .    a - +0 hand axe
rCold   . . .      Faith    .    (no shield)
rNeg    . . .      Spirit   .    e - +0 ring mail
rPois   .          Reflect  +    (helmet restricted)
rElec   .          Harm     .    t - +0 cloak
rCorr   +          Rampage  .    z - +0 pair of gloves
Will    .....                    y - +0 pair of boots
Stlth   +                        q - amulet of Democracy {Reflect +Inv Fly Dex+4 SH+5}
HPRegen 0.28/turn                j - ring of resist corrosion
MPRegen 0.10/turn                s - +4 ring of protection

@: sanguine armoured, on berserk cooldown, flying, slowed, very slow
A: horns 1, sanguine armour 2
a: Renounce Religion, Evoke Invisibility, Berserk, Trog's Hand


You were on level 4 of the Dungeon.
You worshipped Trog.
Trog was pleased with you.
You visited 1 branch of the dungeon, and saw 4 of its levels.

You collected 216 gold pieces.

Inventory:

Hand Weapons
 a - a +0 hand axe (weapon)
 i - a +0 lajatang
Missiles
 v - 4 javelins (quivered)
Armour
 b - a +0 animal skin
 e - a +0 ring mail (worn)
 t - a +0 cloak (worn)
 y - a +0 pair of boots (worn)
 z - a +0 pair of gloves (worn)
Jewellery
 j - a ring of resist corrosion (left hand)
 p - a ring of magical power
 q - the amulet of Democracy (around neck) {Reflect +Inv Fly Dex+4 SH+5}
   (You found it on level 2 of the Dungeon)

   [amulet of reflection]

   It reflects blocked missile attacks.
   Dex:       It affects your dexterity (+4).
   +Inv:      It lets you turn invisible.
   Fly:       It grants you flight.
   SH:        It affects your SH (+5).
 s - a +4 ring of protection (right hand)
Wands
 x - a wand of light (5)
Scrolls
 c - a scroll of fear
 f - a scroll of amnesia
 g - a scroll of magic mapping
 k - a scroll of brand weapon
 A - a scroll of enchant weapon
 C - a scroll of identify
Potions
 d - a potion of invisibility
 h - a potion of ambrosia {unknown}
 l - 3 potions of berserk rage {unknown}
 m - a potion of degeneration
 n - 2 potions of cancellation {unknown}
 o - 2 potions of curing {unknown}
 r - 2 potions of heal wounds {unknown}
 u - a potion of brilliance {unknown}
 w - 2 potions of attraction {unknown}
 B - a potion of mutation {unknown}


   Skills:
 + Level 4.0 Fighting
 * Level 5.8 Axes
 - Level 1.7 Armour
 - Level 1.7 Dodging
 + Level 0.6 Shields


You had 5 spell levels left.
You didn't know any spells.
Your spell library was empty.

Dungeon Overview and Level Annotations

Branches:
Dungeon (4/15)
 Temple: D:4-7

Altars:
Kikubaaqudgha
Uskayaw
Yredelemnul

Annotations:
D:3 2 transporters, Menkaure


Innate Abilities, Weirdness & Mutations

You have a pair of small horns on your head.
When seriously injured, your blood forms thick armour. (AC +9)


Message History

The gnoll hits you from afar with a +0 spear.
The gnoll sergeant hits you with a +0 spear.
Your blood congeals into armour.
You hit the gnoll sergeant.
The gnoll sergeant is moderately wounded.
The gnoll sergeant barely misses you.
The gnoll hits you from afar with a +0 spear.
You barely miss the gnoll sergeant.
Your headbutt misses the gnoll sergeant.
The gnoll sergeant is moderately wounded.
You block the gnoll sergeant's attack. The gnoll closely misses you.
The gnoll hits you but does no damage.
The gnoll sergeant hits you but does no damage.
You hit the gnoll sergeant. You headbutt the gnoll sergeant.
Your punch misses the gnoll sergeant.
The gnoll sergeant is heavily wounded.
The gnoll hits you but does no damage. You block the gnoll sergeant's attack.
The gnoll sergeant hits you with a +0 spear!
The gnoll hits you from afar with a +0 spear.
You hit the gnoll sergeant but do no damage.
The gnoll sergeant is heavily wounded.
You block the gnoll sergeant's attack. The gnoll hits you but does no damage.
You barely miss the gnoll sergeant.
The gnoll sergeant is heavily wounded.
The gnoll sergeant misses you. The gnoll closely misses you.
The gnoll completely misses you. You block the gnoll sergeant's attack.
You barely miss the gnoll sergeant.
The gnoll sergeant is heavily wounded.
The gnoll sergeant hits you with a +0 spear.
The gnoll hits you from afar with a +0 spear.
* * * LOW HITPOINT WARNING * * *
You hit the gnoll sergeant but do no damage.
You headbutt the gnoll sergeant, but do no damage.
The gnoll sergeant is heavily wounded.
The gnoll barely misses you.
The gnoll sergeant hits you with a +0 spear.
* * * LOW HITPOINT WARNING * * *
The gnoll barely misses you.
The gnoll sergeant hits you with a +0 spear!
You die...

#..# #.# #..# #.# #..#
#.# ########..# #.#
.........># #.#
....####..# #.#
....####..####.##########
....##.....)...#.)).....#
....##.#..######@#####.##
....##.#.......g..# #.#
....##.##.######g.# #)#
....##.##.# #..# #.#
....##.##.# #..# #.#
....##.##.# #..# #.#
.......##.# #..# #.#
.......##.# #..# #.#
.......# #.#


You could see a gnoll sergeant and a gnoll.

Vanquished Creatures
  A howler monkey (D:3)
  An orc priest (D:4)
  Ijyb (D:3)
  2 orc wizards
  7 gnolls
  2 adders (D:3)
  A worm (D:2)
  12 orcs
  8 endoplasms
  3 giant cockroaches
  5 goblins
  4 hobgoblins
  4 jackals (D:3)
  2 quokkas
  5 ball pythons
  A bat (D:1)
  3 frilled lizards
  5 kobolds
  6 rats
73 creatures vanquished.

Notes
Turn   | Place    | Note
-------+----------+-------------------------------------------
     0 | D:1      | Iich the Demonspawn Berserker began the quest for the Orb.
     0 | D:1      | Reached XP level 1. HP: 18/18 MP: 1/1
   424 | D:1      | Reached skill level 3 in Axes
   463 | D:1      | Gained mutation: When seriously injured, your blood forms
                  | armour. (AC +9) [demonic ancestry]
   463 | D:1      | Reached XP level 2. HP: 15/24 MP: 2/2
  1182 | D:2      | Identified the amulet of Democracy {Reflect +Inv Fly Dex+4
                  | SH+5}
  1469 | D:2      | Gained mutation: When seriously injured, your blood forms
                  | thick armour. (AC +9) [demonic ancestry]
  1469 | D:2      | Reached XP level 3. HP: 29/29 MP: 3/3
  1910 | D:3      | Reached skill level 4 in Axes
  1910 | D:3      | Gained mutation: You have a pair of small horns on your
                  | head. [demonic ancestry]
  1910 | D:3      | Reached XP level 4. HP: 33/36 MP: 4/4
  1931 | D:3      | Noticed Ijyb
  1941 | D:3      | Killed Ijyb
  1942 | D:3      | Identified the +5 dagger of Hacking and Slashing {flame,
                  | Fly rPois Int+3}
  2121 | D:3      | Found a transporter.
  2121 | D:3      | Found a basalt altar of Yredelemnul.
  2133 | D:3      | Noticed Menkaure
  2184 | D:3      | Found an ancient bone altar of Kikubaaqudgha.
  2351 | D:3      | Reached ** piety under Trog
  2352 | D:3      | Reached XP level 5. HP: 37/42 MP: 5/5
  2507 | D:3      | Found a transporter.
  2552 | D:3      | Reached skill level 5 in Axes
  2977 | D:4      | Reached XP level 6. HP: 39/48 MP: 6/6
  3052 | D:4      | Found a hide-covered altar of Uskayaw.
  3149 | D:4      | Slain by a gnoll sergeant

Illustrated notes

Levels and vault maps discovered:
D:1:      lightli_arrival_statuegarden, layout_basic
D:2:      layout_basic, mrwooster_statue_mirror
D:3:      layout_loops_ring, gammafunk_temple_of_torment,
          nicolae_elyvilon_peaceful_grove, uniq_ijyb
D:4:      layout_basic, vehumet_altar_wand_db,
          mainiacjoe_overflow_concentric_impassable, nicolae_ru_awakened_eye,
          temple_hall

Skill      XL: |  1  2  3  4  5  6 |
---------------+-------------------+-----
Axes           | 3 4 5 |  5.8
Fighting       | 4 |  4.0
Armour         | |  1.7
Dodging        | |  1.7
Shields        | |  0.6

Action                   |  1- 3 |  4- 6 || total
-------------------------+-------+-------++-------
Melee: Hand axe          |    80 |   132 ||   212
       Punch             |     1 |     1 ||     2
       Headbutt          |       |    17 ||    17
Invok: Berserk           |     1 |     5 ||     6
  Use: Scroll            |     5 |     1 ||     6
       Potion            |     1 |       ||     1
Armor: Ring mail         |    16 |    57 ||    73
Dodge: Dodged            |    35 |    68 ||   103
Block: Other             |     7 |    30 ||    37

Table legend: (Time is in decaauts)
 A = Elapsed time spent in this place.
 B = Non-inter-level travel time spent in this place.
 C = Inter-level travel time spent in this place.
 D = Time resting spent in this place.
 E = Time spent auto-exploring this place.
 F = Levels seen in this place.
 G = Mean time per level.
                   A        B        C        D        E       F      G
               +--------+--------+--------+--------+--------+-----+--------+
         Total |   3202 |   3118 |     84 |    225 |   2292 |   4 |  800.5 |
       Dungeon |   3202 |   3118 |     84 |    225 |   2292 |   4 |  800.5 |
               +--------+--------+--------+--------+--------+-----+--------+

Top non-repeatable levels by time:
     D:1: 1043 daAuts
     D:2: 872 daAuts
     D:3: 853 daAuts
     D:4: 432 daAuts
